 Dungeon Crawl Stone Soup version 0.22-a0-166-g5351223 (webtiles) character file.

30 Amnesiac the Digger (level 3, 0/16 HPs)
             Began as a Spriggan Earth Elementalist on Feb 13, 2018.
             Killed from afar by an orc wizard (3 damage)
             ... with a puff of flame
             ... on level 4 of the Dungeon.
             The game lasted 00:01:42 (666 turns).

Amnesiac the Digger (Spriggan Earth Elementalist)    Turns: 666, Time: 00:01:43

Health: 0/16       AC:  2    Str:  4    XL:     3   Next: 5%
Magic:  4/8        EV: 18    Int: 17    God:
Gold:   0          SH:  0    Dex: 16    Spells: 5/8 levels left

rFire    . . .     SeeInvis +   f - +0 dagger
rCold    . . .     Gourm    .   (shield restricted)
rNeg     . . .     Faith    .   c - +0 robe
rPois    .         Spirit   .   (helmet restricted)
rElec    .         Reflect  .   (no cloak)
rCorr    .         Harm     .   (gloves unavailable)
MR       .....                  (boots unavailable)
Stlth    ++........             (no amulet)
HPRegen  0.05/turn              (no ring)
MPRegen  0.11/turn              (no ring)

@: very quick
A: very small, unfitting armour, see invisible, herbivore, speed 3, slow
metabolism 2
a: no special abilities


You were on level 4 of the Dungeon.
You were not hungry.

You visited 1 branch of the dungeon, and saw 4 of its levels.

Inventory:

Hand Weapons
 f - a +0 dagger (weapon)
Missiles
 b - 35 stones (quivered)
Armour
 c - a +0 robe (worn)
Scrolls
 a - 2 scrolls of identify {!r, unknown}
 h - a scroll of teleportation {!r, unknown}
Potions
 g - a potion of curing {!q, unknown}
Books
 e - a book of Geomancy

   Spells                             Type                      Level
   a - Sandblast                      Earth                        1
   b - Passwall                       Transmutation/Earth          2
   c - Stone Arrow                    Conjuration/Earth            3
   d - Petrify                        Transmutation/Earth          4
   e - Lee's Rapid Deconstruction     Earth                        5
 i - a book of Maledictions

   Spells                             Type                      Level
   a - Corona                         Hexes                        1
   b - Ensorcelled Hibernation        Hexes/Ice                    2
   c - Confuse                        Hexes                        3
   d - Tukima's Dance                 Hexes                        3
   e - Dazzling Spray                 Conjuration/Hexes            3
Comestibles
 d - 2 rations


   Skills:
 - Level 3.0 Dodging
 - Level 3.0 Stealth
 + Level 3.3 Spellcasting
 - Level 1.3 Transmutations
 * Level 3.5 Earth Magic


You had 5 spell levels left.
You knew the following spells:

 Your Spells              Type           Power        Failure   Level  Hunger
a - Sandblast             Erth           ##....       4%          1    None
b - Passwall              Tmut/Erth      ##........   10%         2    ##.....


Dungeon Overview and Level Annotations

Branches:
Dungeon (4/15)
 Temple: D:4-7

Altars:
Ru
The Shining One


Innate Abilities, Weirdness & Mutations

You are very small and have problems with some larger weapons.
You are too small for most types of armour.
You have supernaturally acute eyesight. (SInv)
You are a herbivore.
You cover ground extremely quickly.
You need consume almost no food.


Message History

You start resting.
Your magical contamination has completely faded away.
You start resting.
Magic restored.
You start resting.
HP restored.
There is a stone staircase leading down here.
You start resting.
Magic restored.
You start resting.
HP restored.
You climb downwards.
There is a stone staircase leading up here.
The orc wizard misses you.
Things that are here:
a ring mail; a short sword; an orc corpse
Casting: Sandblast (safe; 4% risk of failure)
Confirm with . or Enter, or press ? or * to list all spells.
Aiming: Sandblast (safe; 4% risk of failure)
Press: ? - help, Shift-Dir - straight line, f - orc wizard
Aim: an orc wizard, wielding a dagger and wearing a robe The blast of sand hits the orc wizard.
The orc wizard is lightly wounded.
b - 38 stones The orc wizard miscasts a cantrip.
Casting: Sandblast (safe; 4% risk of failure)
Confirm with . or Enter, or press ? or * to list all spells.
Aiming: Sandblast (safe; 4% risk of failure)
Press: ? - help, Shift-Dir - straight line, f/p - orc wizard
Aim: an orc wizard, wielding a dagger and wearing a robe (lightly wounded)
The blast of sand hits the orc wizard.
The orc wizard is lightly wounded.
b - 37 stones The orc wizard points at you and mumbles some strange words.
The puff of frost hits you!
Ouch! That really hurt!
* * * LOW HITPOINT WARNING * * *
Casting: Sandblast (safe; 4% risk of failure)
Confirm with . or Enter, or press ? or * to list all spells.
Aiming: Sandblast (safe; 4% risk of failure)
Press: ? - help, Shift-Dir - straight line, f/p - orc wizard
Aim: an orc wizard, wielding a dagger and wearing a robe (lightly wounded)
The blast of sand hits the orc wizard.
The orc wizard is moderately wounded.
b - 36 stones The orc wizard begins to cast a cantrip, but forgets the words!
Unknown command.
Casting: Sandblast (safe; 4% risk of failure)
Confirm with . or Enter, or press ? or * to list all spells.
Aiming: Sandblast (safe; 4% risk of failure)
Press: ? - help, Shift-Dir - straight line, f/p - orc wizard
Aim: an orc wizard, wielding a dagger and wearing a robe (moderately wounded)
The blast of sand misses the orc wizard.
b - 35 stones The orc wizard points at you and mumbles some strange words.
The magic dart hits you!
* * * LOW HITPOINT WARNING * * *
Unknown command.
Press: ? - help, v - describe, . - travel
Here: an orc wizard, wielding a dagger and wearing a robe (moderately wounded)
The floor.
The orc wizard gestures at you while chanting.
The puff of flame hits you!
You die...

#.# #.# ####.#
..#)# #.#.#
#######.#o#
#.........#
.#####.########
#<@..........
#####.#######
#.# #.# #.# #.#
..# ###


You could see an orc wizard.

Vanquished Creatures
  An adder (D:2)
  An ooze (D:3)
  A leopard gecko (D:3)
  2 orcs (D:4)
  A ball python (D:3)
  A giant cockroach (D:2)
  2 goblins
  A hobgoblin (D:3)
  A kobold (D:3)
  A bat (D:3)
  A frilled lizard (D:2)
  A rat (D:3)
14 creatures vanquished.

Notes
Turn   | Place    | Note
-------+----------+-------------------------------------------
     0 | D:1      | Amnesiac the Spriggan Earth Elementalist began the quest for the Orb.
     0 | D:1      | Reached XP level 1. HP: 9/9 MP: 5/5
   197 | D:2      | Reached XP level 2. HP: 13/13 MP: 2/7
   203 | D:2      | Learned a level 2 spell: Passwall
   273 | D:3      | Found a sacrificial altar of Ru.
   467 | D:3      | Found a glowing golden altar of the Shining One.
   498 | D:4      | Reached XP level 3. HP: 16/16 MP: 4/8
   666 | D:4      | Killed from afar by an orc wizard

Vault maps used:
D:1:      shiori_arrival_oz, st_stairs_3
D:3:      nicolae_ru_the_path_less_chosen, overflow_temple_1_default,
          bloody_makhleb, first_ration, feat_on_display
D:4:      gammafunk_cloud_chamber

Skill      XL: |  1 |
---------------+----+-----
Spellcasting   | 3 |  3.3
Earth Magic    | 3 |  3.5
Dodging        | |  3.0
Stealth        | |  3.0
Transmutations | |  1.3

Action                   || total
-------------------------++-------
Melee: Unarmed           ||     5
       Dagger            ||    16
 Cast: Sandblast         ||    21
 Stab: Sleeping          ||     2
Armor: Robe              ||     2
Dodge: Dodged            ||    23

Table legend:
 A = Spawn XP
 B = Non-spawn XP
 C = Spawn XP percentage of total XP
 D = Spawn monster count
 E = Non-spawn monster count
 F = Spawn count percentage of total count
 G = Total turns spent on level
                    A         B        C        D         E        F      G
               +---------+---------+-------+---------+---------+-------+---------
         Total |       0 |      44 |   0.0 |       0 |      14 |   0.0 |   666
               +---------+---------+-------+---------+---------+-------+---------
           D:2 |       0 |      18 |   0.0 |       0 |       4 |   0.0 |   208
           D:3 |       0 |      20 |   0.0 |       0 |       8 |   0.0 |   393
           D:4 |       0 |       6 |   0.0 |       0 |       2 |   0.0 |    39
               +---------+---------+-------+---------+---------+-------+---------
